Map: Goldenaura LE

Players

peace

  • Race: Zerg Zerg
  • League: Diamond
  • Spawn Location: 5:00

Subwayeatn - Winner!

  • Race: Zerg Zerg
  • League: Diamond
  • Spawn Location: 12:00

VOD

Have the link to the VOD?

Description

Time

  • Played on: Nov. 16, 2023, 10:11 a.m.
  • Length: 4:17
Show
View Real Time Build Order
Export as new Build Order

peace Zerg 

Build Orders: Hatch First 

Get SALT Encoding   

  12  0:00  Drone  
  13  0:18  Overlord  
  13  0:22  Drone  
  14  0:37  Drone x2  
  14  0:41  Drone  
  17  0:56  Hatchery, Extractor  
  15  1:01  Drone  
  15  1:02  Drone  
  17  1:25  Drone x2, Spawning Pool  
  18  1:36  Overlord  
  18  1:45  Drone  
  19  1:56  Drone  
  20  2:06  Drone  
  21  2:10  Drone  
  21  2:12  Queen x2  
  26  2:18  Drone  
  26  2:19  Drone  
  28  2:27  Drone  
  29  2:33  Drone  
  30  2:37  Metabolic Boost  
  30  2:47  Zergling x4, Baneling Nest  
  31  2:52  Zergling x4  
  33  3:20  Overlord  
  33  3:21  Overlord  
  29  3:35  Overlord x3  
  29  3:38  Queen  
  29  3:39  Zergling x2  
  28  3:53  Zergling x2  
Show
View Real Time Build Order
Export as new Build Order

Subwayeatn Zerg - Winner!

Build Orders: Pool First 

Get SALT Encoding   

  12  0:00  Drone  
  13  0:09  Drone  
  13  0:12  Extractor  
  13  0:30  Spawning Pool  
  12  0:58  Hatchery  
  11  1:17  Queen  
  13  1:26  Metabolic Boost  
  13  1:36  Overlord  
  13  1:40  Zergling x2  
  14  1:56  Zergling x4  
  14  2:01  Zergling x2  
  17  2:11  Zergling x4  
  19  2:19  Zergling x2  
  20  2:23  Zergling x2  
  20  2:28  Zergling x6  
  24  2:38  Zergling x4  
  26  2:50  Queen  
  28  3:00  Overlord  
  28  3:24  Zergling x4  
  28  3:25  Zergling x6  
  27  3:45  Zergling x2  
  27  3:46  Zergling x6  
Tags
 
Add a new tag
Caveats
  • Supply blocks, unpowered buildings, or Contaminate may cause inaccurate times.
  • Supply counts are checked every 10 seconds.